 Dungeon Crawl Stone Soup version 0.31-a0-664-g902f515a81 (webtiles) character file.

Game seed: 6393427386822773985

2 Shobbz the Grave Robber (level 1, 0/13 HPs)
             Began as a Human Necromancer on Sept 2, 2023.
             Engulfed by a cloud of poison gas (8 damage)
             ... on level 1 of the Dungeon.
             The game lasted 00:03:44 (105 turns).

Shobbz the Grave Robber (Human Necromancer)          Turns: 105, Time: 00:03:45

Health: 0/13       AC:  2    Str:  8    XL:     1   Next: 33%
Magic:  3/3        EV: 12    Int: 15    God:
Gold:   6          SH:  0    Dex: 13    Spells: 3/4 levels left

rFire   . . .        (no weapon)
rCold   . . .        (no shield)
rNeg    . . .        a - +0 robe
rPois   .            (no helmet)
rElec   .            (no cloak)
rCorr   .            (no gloves)
SInv    .            (no boots)
Will    .....        (no amulet)
Stlth   ++           (no ring)
HPRegen 0.22/turn    (no ring)
MPRegen 0.08/turn

%: no passive effects
@: lethally poisoned (0 -> -18)
A: no striking features
a: no special abilities


You were on level 1 of the Dungeon.
You visited 1 branch of the dungeon, and saw 1 of its levels.

You collected 6 gold pieces.

Inventory:

Armour
 a - a +0 robe (worn)
Potions
 b - a potion of magic


   Skills:
 + Level 2.0 Dodging
 + Level 2.1 Stealth
 + Level 2.0 Spellcasting
 + Level 4.0 Necromancy


You had 3 spell levels left.
You knew the following spells:

 Your Spells              Type           Power      Damage    Failure   Level
a - Necrotise             Necr           52%        1d6       4%          1

Your spell library contained the following spells:

 Spells                   Type           Power      Damage    Failure   Level
 Vampiric Draining        Necr           13%        2d6       13%         3
 Animate Dead             Necr           13%        N/A       38%         4
 Agony                    Necr           13%        N/A       75%         5


Dungeon Overview and Level Annotations

Branches:
Dungeon (1/15)

Altars:


Message History

The bat hits you but does no damage.
You see here a scroll labelled YDI WENTOA.
The bat closely misses you.
You miss the bat. The bat hits you but does no damage. The bat hits you.
The bat barely misses you.
You miss the bat. The bat hits you but does no damage.
The bat hits you but does no damage.
Okay, then.
You are too injured to fight recklessly!
You are too injured to fight recklessly!
Annotate which branch? (. - D:1, ? - help, ! - show branch list)
Okay, then.
The bat hits you.
You hit the bat.
The bat is severely wounded.
The bat hits you. The bat closely misses you.
You hit the bat but do no damage.
The bat is severely wounded.
The bat hits you but does no damage. The bat attacks as it pursues you!
The bat misses you. The bat hits you but does no damage.
The bat barely misses you.
You hit the bat.
You kill the bat!
You see here a bat corpse.
You see here a bat corpse.
d - a scroll labelled YDI WENTOA
Okay, then.
As you read the scroll labelled SUROVO LUSM, it crumbles to dust.
It is a scroll of enchant weapon.
You aren't carrying any weapons that can be enchanted.
The air fills with toxic fumes!
As you read the scroll labelled YDI WENTOA, it crumbles to dust.
It was a scroll of poison.
Sorry, I don't know how to get there.
Sorry, I don't know how to get there.
Okay, then.
Okay, then.
You are engulfed in poison gas.
You are lethally poisoned!
Ouch! That really hurt!
You die...

............#.....
#.#
#.######.####+####.
#.#
#.§§§§§§§§§§......
#.#
##§§§§§§§§.......
#..
#§§§§§§§§.......
###
+§§§§§§§########
#§§§§§§§# #§§§§§§§#
#§§§§§@§# #§§§§§.§#
#§§§§§§§# #§§§§§§§#
#§§§§§§§# #§§§§§§§#
#§§§§§§§# #§§§§§§§#
#########


There were no monsters in sight!

Vanquished Creatures
  An endoplasm (D:1)
  A bat (D:1)
2 creatures vanquished.

Notes
Turn   | Place    | Note
-------+----------+-------------------------------------------
     0 | D:1      | Shobbz the Human Necromancer began the quest for the Orb.
     0 | D:1      | Reached XP level 1. HP: 13/13 MP: 3/3
   105 | D:1      | Engulfed by a cloud of poison gas

Illustrated notes

Levels and vault maps discovered:
D:1:      dpeg_arrival_shelter, layout_basic, basic_ecumenical_altar

Action                     || total
---------------------------++-------
  Melee: Unarmed           ||    14
    Use: Scroll            ||     2
 Armour: Robe              ||    15
  Dodge: Dodged            ||    12

Table legend: (Time is in decaauts)
 A = Elapsed time spent in this place.
 B = Non-inter-level travel time spent in this place.
 C = Inter-level travel time spent in this place.
 D = Time resting spent in this place.
 E = Time spent auto-exploring this place.
 F = Levels seen in this place.
 G = Mean time per level.
                   A        B        C        D        E       F      G
               +--------+--------+--------+--------+--------+-----+--------+
         Total |    105 |     50 |     55 |      0 |      0 |   1 |  105.0 |
       Dungeon |    105 |     50 |     55 |      0 |      0 |   1 |  105.0 |
               +--------+--------+--------+--------+--------+-----+--------+

Top non-repeatable levels by time:
     D:1: 105 daAuts
